 Dungeon Crawl Stone Soup version 0.24-a0-529-g0b98641 (webtiles) character file.

Game seed: 14873505857989924217

1675 CanOfBees the Caller (level 9, -3/54 HPs)
             Began as a Tengu Summoner on Aug 7, 2019.
             Was a Follower of Sif Muna.
             Slain by Joseph
             ... wielding a +0 quarterstaff
              (7 damage)
             ... on level 7 of the Dungeon.
             The game lasted 00:19:08 (13949 turns).

CanOfBees the Caller (Tengu Summoner)              Turns: 13949, Time: 00:19:08

Health: -3/54      AC:  2    Str:  9      XL:     9   Next: 1%
Magic:  13/16      EV: 13    Int: 18      God:    Sif Muna [*.....]
Gold:   789        SH:  5    Dex: 11 (15) Spells: 2/16 levels left

rFire    + . .     SeeInvis .   e - +0 trident
rCold    . . .     Gourm    .   u - +1 buckler
rNeg     . . .     Faith    .   a - +0 robe
rPois    .         Spirit   .   (helmet restricted)
rElec    .         Reflect  .   k - scarf {cloud immunity}
rCorr    .         Harm     .   (no gloves)
MR       +....                  (boots unavailable)
Stlth    ++........             (no amulet)
HPRegen  0.18/turn              m - ring of protection from fire
MPRegen  0.15/turn              o - ring of protection from magic

@: no status effects
A: beak, talons 3, able to fly
a: Fly, Channel Magic, Renounce Religion


You were on level 7 of the Dungeon.
You worshipped Sif Muna.
Sif Muna was aware of your devotion.
You were very hungry.

You visited 2 branches of the dungeon, and saw 9 of its levels.

You collected 789 gold pieces.

Inventory:

Hand Weapons
 e - a +0 trident (weapon)
Missiles
 b - 98 bolts
 g - 31 poisoned darts (quivered)
 l - 113 stones
 p - 106 arrows
 w - a throwing net
 y - 2 javelins
 B - 7 atropa-tipped darts
 G - 7 boomerangs
Armour
 a - a +0 robe (worn)
 k - a scarf of cloud immunity (worn)
 u - a +1 buckler (worn)
Jewellery
 m - a ring of protection from fire (left hand)
 o - a ring of protection from magic (right hand)
 A - an uncursed ring of resist corrosion
Wands
 F - a wand of iceblast (13)
 J - a wand of paralysis (9)
Scrolls
 h - 4 scrolls of remove curse
 i - a scroll of fear
 j - 3 scrolls of fog
 s - a scroll of teleportation
 x - a scroll of immolation {unknown}
 z - a scroll of silence {unknown}
 C - a scroll of magic mapping
 E - a scroll of vulnerability {unknown}
Potions
 d - 2 potions of haste
 f - a potion of heal wounds {unknown}
 q - a potion of might
 r - a potion of berserk rage
 t - a potion of lignification {unknown}
 v - a potion of agility {unknown}
 D - a potion of degeneration {unknown}
Comestibles
 c - 3 rations


   Skills:
 + Level 5.2 Fighting
 + Level 1.1 Armour
 - Level 4.0 Dodging
 - Level 2.0 Stealth
 - Level 4.0 Shields
 - Level 4.0 Spellcasting
 - Level 7.0 Summonings
 + Level 1.8 Ice Magic
 - Level 3.0 Air Magic
 + Level 3.6 Invocations


You had 2 spell levels left.
You knew the following spells:

 Your Spells              Type           Power        Failure   Level  Hunger
a - Summon Small Mammal   Summ           ####         1%          1    None
b - Call Imp              Summ           ####....     1%          2    ##.....
c - Call Canine Familiar  Summ           ####....     2%          3    ###....
d - Summon Lightning Spi  Summ/Air       ###.....     19%         4    ####...
e - Summon Ice Beast      Ice/Summ       ###.....     24%         4    ####...

Your spell library contained the following spells:

 Spells                   Type           Power        Failure   Level  Hunger
 Poisonous Vapours        Pois/Air       #.....       12%         2    ##.....
 Sting                    Conj/Pois      #...         14%         1    None
 Summon Guardian Golem    Hex/Summ       ###.....     11%         3    ###....
 Mephitic Cloud           Conj/Pois/Air  #.......     28%         3    ###....
 Olgreb's Toxic Radiance  Pois           #.......     82%         4    ####...
 Venom Bolt               Conj/Pois      #.........   99%         5    ######.


Dungeon Overview and Level Annotations

Branches:
Dungeon (8/15)             Temple (1/1) D:5
   Lair: D:8-11

Altars:
Ashenzari
Cheibriados
Dithmenos
Elyvilon
Gozag
Hepliaklqana
Kikubaaqudgha
Makhleb
Nemelex Xobeh
Okawaru
Ru
Sif Muna
Trog
Uskayaw
Vehumet
Wu Jian
Xom
Yredelemnul
Zin
The Shining One

Annotations:
D:7 Joseph


Innate Abilities, Weirdness & Mutations

You have a beak for a mouth.
You have claws for feet.
You can fly continuously.


Message History

You see here a sling bullet.
There is a stone staircase leading up here.
Joseph unwields a +0 hunting sling.
Joseph wields a +0 quarterstaff.
You block Joseph's attack.
You climb upwards.
There is a stone staircase leading down, spattered with blood here.
Casting: Call Imp (safe; 1% risk of failure)
Confirm with . or Enter, or press ? or * to list all spells.
Joseph hits you with a +0 quarterstaff!
* * * LOW HITPOINT WARNING * * *
Okay, then.
Joseph hits you with a +0 quarterstaff!
* * * LOW HITPOINT WARNING * * *
You feel better.
Your hound bites Joseph.
Joseph hits you with a +0 quarterstaff.
* * * LOW HITPOINT WARNING * * *
Your hound barely misses Joseph.
You swap places.
Your hound bites Joseph.
Joseph hits you with a +0 quarterstaff!
You die...

###.########..###......# #.####
....# #.#.#.#.###.# #.#### #####
#!##.##.# #.# #.....
#.##....###.# #..### ######
#.#......##.#####..# .....#
#.#.............)>.### ####.#
#.#......#...####.#).. #.#
#.##.@h....#.....>#.## #.#
#.###@####...####.#.# #.#
#..#...####.## #.#.# #.#
####......###.## #.#.# #.#
#..............# #.#.# #.#
#.##...........# #.#.# #.#
##.#............# #.#.## ####.#
#....#..........# #...## ...#.#
#..#............# #.....
##.#.####..##<##........####...##


You could see Joseph and a friendly hound.

Vanquished Creatures
  Duvessa (D:4)
  A phantom (D:7)
  An ice beast (D:6)
  A black bear (D:8)
  An ogre (D:6)
  A centaur (D:6)
  2 bullfrogs (D:6)
  Dowan (D:4)
  A wyvern skeleton (D:6)
  A scorpion (D:4)
  2 killer bees (D:7)
  A centaur zombie (D:5)
  3 hounds
  A quasit (D:7)
  An iguana (D:4)
  A hound skeleton (D:4)
  A howler monkey zombie (D:6)
  2 gnolls
  5 adders
  2 shadow imps
  An adder zombie (D:7)
  A worm (D:2)
  A dart slug (D:3)
  6 leopard geckos
  5 orcs
  8 giant cockroaches
  7 goblins
  4 jackals
  2 quokkas
  7 bats
  4 frilled lizards
  5 kobolds
  7 rats
88 creatures vanquished.

Vanquished Creatures (collateral kills)
  A water moccasin (D:5)
  A big kobold (D:7)
  A bullfrog (D:6)
  A scorpion (D:4)
  2 killer bees (D:7)
  2 bullfrog zombies (D:7)
  3 orc priests
  2 hounds
  A centaur skeleton (D:4)
  A gnoll shaman (D:4)
  An iguana (D:5)
  4 worker ants
  10 gnolls
  7 adders
  An ooze (D:5)
  2 adder skeletons
  8 orcs
  A goblin (D:1)
  2 jackals (D:2)
  5 kobolds
  A quokka (D:4)
  2 ball pythons
  2 bats
  A quokka skeleton (D:4)
  A rat (D:3)
63 creatures vanquished.

Vanquished Creatures (others)
  A gnoll (D:5)
1 creature vanquished.

Grand Total: 152 creatures vanquished

Notes
Turn   | Place    | Note
-------+----------+-------------------------------------------
     0 | D:1      | CanOfBees the Tengu Summoner began the quest for the Orb.
     0 | D:1      | Reached XP level 1. HP: 10/10 MP: 4/4
   388 | D:1      | Reached skill level 5 in Summonings
   598 | D:1      | Reached XP level 2. HP: 16/16 MP: 3/6
  1065 | D:1      | Learned a level 2 spell: Call Imp
  1172 | D:2      | Found a shimmering altar of Xom.
  1297 | D:2      | Reached XP level 3. HP: 16/20 MP: 2/7
  1392 | D:2      | Reached skill level 1 in Fighting
  2042 | D:2      | Found an ornate altar of the Wu Jian Council.
  2456 | D:3      | Reached XP level 4. HP: 17/25 MP: 8/8
  2737 | D:3      | Learned a level 3 spell: Call Canine Familiar
  3811 | D:4      | Reached skill level 6 in Summonings
  3811 | D:4      | Gained mutation: You can fly continuously. [Tengu growth]
  3811 | D:4      | Reached XP level 5. HP: 30/30 MP: 8/10
  4028 | D:4      | Noticed Dowan
  4029 | D:4      | Noticed Duvessa
  5312 | D:4      | Killed Duvessa
  5312 | D:4      | Reached XP level 6. HP: 31/36 MP: 2/11
  5505 | D:4      | Killed Dowan
  6234 | D:4      | Reached skill level 1 in Shields
  6393 | D:4      | Learned a level 4 spell: Summon Lightning Spire
  6518 | D:5      | Entered Level 5 of the Dungeon
  6544 | D:5      | Found a staircase to the Ecumenical Temple.
  6555 | Temple   | Entered the Ecumenical Temple
  6704 | Temple   | Became a worshipper of Sif Muna the Loreminder
  6738 | D:5      | Reached XP level 7. HP: 25/41 MP: 13/13
  7295 | D:4      | Reached skill level 1 in Air Magic
  8323 | D:4      | Reached skill level 1 in Invocations
  9157 | D:6      | Reached skill level 7 in Summonings
  9669 | D:6      | Reached XP level 8. HP: 23/48 MP: 11/15
  9828 | D:6      | Learned a level 4 spell: Summon Ice Beast
 11918 | D:7      | Reached * piety under Sif Muna
 12401 | D:7      | Reached skill level 1 in Ice Magic
 13077 | D:7      | Reached skill level 5 in Fighting
 13912 | D:8      | Reached skill level 1 in Armour
 13912 | D:8      | Reached XP level 9. HP: 54/54 MP: 12/16
 13919 | D:8      | Noticed Joseph
 13947 | D:7      | HP: 1/54 [Joseph/+0 quarterstaff (13)]
 13949 | D:7      | Slain by Joseph

Levels and vault maps discovered:
D:1:      saegor_arrival_simple_e, layout_basic
D:2:      minmay_wonky_spiral, layout_rooms, lemuel_crystal_altar,
          old_standard_altar
D:3:      layout_loops_ring
D:4:      minmay_polygon_palace, layout_basic, uniq_duvessa
D:5:      layout_rooms, minmay_temple_entry_mini_moons, first_ration,
          eino_tiny_chamber
D:6:      layout_layer_cave
D:7:      layout_loops_ring, minmay_misc_feat_cross
D:8:      layout_rooms, grunt_ogre_cave, chequers_arboretum,
          grunt_ministairs_14, onia_ninara_dug_in_and_dangerous, uniq_psyche,
          uniq_joseph
Temple:   regret_index_temple_mists

Skill      XL: |  1  2  3  4  5  6  7  8 |
---------------+-------------------------+-----
Summonings     | 5 6 7 |  7.0
Fighting       | 1 2 3 5 |  5.2
Dodging        | 3 4 |  4.0
Spellcasting   | 3 4 |  4.0
Shields        | 1 2 4 |  4.0
Air Magic      | 2 3 |  3.0
Invocations    | 1 3 |  3.6
Ice Magic      | 1 |  1.8
Armour         | 1 |  1.1
Stealth        | |  2.0

Action                   |  1- 3 |  4- 6 |  7- 9 || total
-------------------------+-------+-------+-------++-------
Melee: Unarmed           |    12 |       |       ||    12
       Kick              |     7 |    12 |    30 ||    49
       Hand axe          |    52 |    24 |       ||    76
       Peck              |     5 |    10 |    17 ||    32
       Spear             |       |     9 |       ||     9
       Trident           |       |    55 |   153 ||   208
Throw: Dart              |     8 |    62 |    21 ||    91
       Stone             |       |     3 |     4 ||     7
 Cast: Summon Small Mamm |    12 |       |       ||    12
       Call Imp          |    14 |    18 |    27 ||    59
       Call Canine Famil |       |    11 |    30 ||    41
       Summon Lightning  |       |       |     6 ||     6
Evoke: Wand              |       |       |     6 ||     6
  Use: Scroll            |     4 |     4 |     7 ||    15
       Potion            |       |     1 |     5 ||     6
 Stab: Sleeping          |     2 |     2 |     3 ||     7
       Distracted        |       |       |     2 ||     2
  Eat: Chunk             |     4 |    10 |    13 ||    27
       Ration            |     1 |     1 |     4 ||     6
Armor: Robe              |    24 |    10 |    25 ||    59
Dodge: Dodged            |    78 |    66 |   141 ||   285
Block: Buckler           |       |     7 |    49 ||    56

Table legend:
 A = Non-vault XP
 B = Vault XP
 C = Vault XP percentage of total XP
 D = Non-vault monster count
 E = Vault monster count
 F = Vault count percentage of total count
                 A         B        C        D         E       F
            +---------+---------+-------+---------+---------+-------
      Total |    2153 |     241 |  10.1 |     140 |      12 |   7.9
            +---------+---------+-------+---------+---------+-------
        D:1 |      19 |       0 |   0.0 |      13 |       0 |   0.0
        D:2 |      53 |       4 |   7.0 |      15 |       2 |  11.8
        D:3 |      48 |       0 |   0.0 |      25 |       0 |   0.0
        D:4 |     289 |     237 |  45.1 |      16 |      10 |  38.5
        D:5 |     260 |       0 |   0.0 |      15 |       0 |   0.0
        D:6 |     711 |       0 |   0.0 |      18 |       0 |   0.0
        D:7 |     641 |       0 |   0.0 |      34 |       0 |   0.0
        D:8 |     130 |       0 |   0.0 |       3 |       0 |   0.0
     Temple |       2 |       0 |   0.0 |       1 |       0 |   0.0
            +---------+---------+-------+---------+---------+-------
